 Dungeon Crawl Stone Soup version 0.28-a0-987-g8383568036 (webtiles) character file.

Game seed: 6968501543431083971

164 Decritt the Skirmisher (level 5, -2/34 HPs)
             Began as a Gargoyle Fighter on Dec 4, 2021.
             Slain by Menkaure (8 damage)
             ... on level 4 of the Dungeon.
             The game lasted 00:07:44 (4857 turns).

Decritt the Skirmisher (Gargoyle Fighter)           Turns: 4857, Time: 00:07:45

Health: -2/34      AC: 12    Str: 21    XL:     5   Next: 45%
Magic:  5/5        EV:  9    Int:  9    God:
Gold:   44         SH:  0    Dex:  9    Spells: 4/4 levels left

rFire   . . .      SeeInvis .   r - +4 quarterstaff (chaos)
rCold   . . .      Faith    .   (shield currently unavailable)
rNeg    + . .      Spirit   .   b - +0 scale mail
rPois   ∞          Reflect  .   (no helmet)
rElec   +          Harm     .   l - +0 cloak
rCorr   .          Rampage  .   (no gloves)
Will    .....                   (no boots)
Stlth   ..........              (no amulet)
HPRegen 0.11/turn               (no ring)
MPRegen 0.09/turn               (no ring)

@: no status effects
A: sickness immunity, AC +4, negative energy resistance 1, electricity
resistance, torment resistance 1, petrification resistance
a: no special abilities


You were on level 4 of the Dungeon.
You visited 1 branch of the dungeon, and saw 4 of its levels.
You also visited: Sewer.

You collected 44 gold pieces.

Inventory:

Hand Weapons
 a - a +0 flail
 r - a +4 quarterstaff of chaos (weapon)
Armour
 b - a +0 scale mail (worn)
 c - a +0 buckler
 l - a +0 cloak (worn)
Jewellery
 h - a ring of ice
 n - an amulet of faith
Wands
 p - a wand of digging (2)
Scrolls
 e - a scroll of summoning {unknown}
 g - 3 scrolls of teleportation
 k - a scroll of identify {unknown}
 m - a scroll of fear
 q - a scroll of enchant armour {unknown}
 s - a scroll of silence {unknown}
Potions
 d - a potion of might
 f - 2 potions of haste {unknown}
 i - a potion of attraction {unknown}
 o - 2 potions of flight


   Skills:
 * Level 4.6 Fighting
 * Level 3.6 Maces & Flails
 + Level 4.0 Armour
 + Level 3.9 Shields


You had 4 spell levels left.
You didn't know any spells.
Your spell library was empty.

Dungeon Overview and Level Annotations

Branches:
Dungeon (4/15)              Sewer (visited)
 Temple: D:4-7

Altars:

Shops:
D:1 !

Annotations:
D:4 Menkaure


Innate Abilities, Weirdness & Mutations

You are immune to sickness and miasma.
Your stone body is resilient. (AC +4)
You are immune to poison.
You resist negative energy. (rN+)
You are resistant to electric shocks. (rElec)
You are resistant to unholy torment.
You are immune to petrification.


Message History

The goblin shoots a stone.
The stone closely misses you.
The goblin shoots a stone.
The stone barely misses you.
The goblin unwields a +0 hunting sling.
The goblin wields a +0 dagger.
The goblin barely misses you.
You sock the goblin!
You kill the goblin!
No target in view!
No target in view!
Items here: ( )) †.
You open the door.
There is an open door here.
There is an open door here.
You open the door.
There is an open door here.
Done exploring.
Done exploring.
(D) Dungeon
Where to? (Enter - D:3, ? - help)
There is a stone staircase leading down here.
You climb downwards.
The adder hisses angrily.
Found a pearl ring.
There is a stone staircase leading up here.
There are monsters nearby!
Menkaure calls on the powers of darkness!
Your body is wracked with pain!
The adder convulses!
You thump the adder! You burn the adder.
You kill the adder!
You thump Menkaure!
Menkaure flickers and vanishes!
Deactivating autopickup; reactivate with Ctrl-A.
Something hits you!
Ouch! That really hurt!
* * * LOW HITPOINT WARNING * * *
You hit something.
You hear some strange, mumbled words.
Pain shoots through your body!
* * * LOW HITPOINT WARNING * * *
You closely miss something. Something hits you but does no damage.
You miss something. Something hits you!
You die...

. .. ...#
#....##
.......##
......{@#
......#.†......
..... .#.......
.... .. ##.....
... ... #..=#
.. .... #..# .
..... #..
...... ..


There were no monsters in sight!

Vanquished Creatures
  Crazy Yiuf (D:3)
  3 adders
  6 worms
  2 dart slugs
  An orc (D:3)
  7 ball pythons
  8 endoplasms
  7 giant cockroaches
  8 goblins
  6 hobgoblins
  6 jackals
  4 kobolds
  3 quokkas
  11 bats
  5 frilled lizards
  9 rats
87 creatures vanquished.

Notes
Turn   | Place    | Note
-------+----------+-------------------------------------------
     0 | D:1      | Decritt the Gargoyle Fighter began the quest for the Orb.
     0 | D:1      | Reached XP level 1. HP: 14/14 MP: 1/1
    13 | D:1      | Found Pushroo's Distillery.
   372 | D:1      | Reached XP level 2. HP: 19/19 MP: 2/2
   846 | D:1      | Found a faded altar of an unknown god.
   965 | D:1      | Reached XP level 3. HP: 24/24 MP: 3/3
  1901 | D:2      | Reached XP level 4. HP: 29/29 MP: 4/4
  2715 | D:3      | Found a glowing drain.
  2725 | Sewer    | Entered a sewer
  3794 | D:3      | Reached XP level 5. HP: 33/33 MP: 5/5
  4121 | D:3      | Found a runed translucent door.
  4122 | D:3      | Noticed Crazy Yiuf
  4130 | D:3      | Killed Crazy Yiuf
  4848 | D:4      | Noticed Menkaure
  4857 | D:4      | Slain by Menkaure

Illustrated notes

Levels and vault maps discovered:
D:1:      dpeg_arrival_solitude, layout_loops_cross,
          ebering_ecumenical_altar_box, serial_shops, shop, patterned_corridor
D:2:      layout_loops_ring
D:3:      layout_basic, cheibrodos_sewer_entry_bend, uniq_crazy_yiuf_cottage
D:4:      layout_cave_pods, minmay_temple_entry_poolview,
          ebering_ghost_disaster_area, uniq_menkaure, uniq_blork_the_orc,
          uniq_ijyb, uniq_robin

Skill      XL: |  1  2  3  4  5 |
---------------+----------------+-----
Fighting       | 4 |  4.6
Maces & Flails | 3 |  3.6
Armour         | 4 |  4.0
Shields        | |  3.9

Action                   |  1- 3 |  4- 6 || total
-------------------------+-------+-------++-------
Melee: Flail             |   104 |   157 ||   261
       Quarterstaff      |       |     7 ||     7
Throw: Dart              |    78 |    19 ||    97
  Use: Potion            |       |     4 ||     4
       Scroll            |       |     2 ||     2
Armor: Scale mail        |    37 |   142 ||   179
Dodge: Dodged            |    58 |   110 ||   168
Block: Buckler           |    19 |    38 ||    57

Table legend: (Time is in decaauts)
 A = Elapsed time spent in this place.
 B = Non-inter-level travel time spent in this place.
 C = Inter-level travel time spent in this place.
 D = Time resting spent in this place.
 E = Time spent auto-exploring this place.
 F = Levels seen in this place.
 G = Mean time per level.
                   A        B        C        D        E       F      G
               +--------+--------+--------+--------+--------+-----+--------+
         Total |   5020 |   4932 |     88 |    754 |   3163 |   5 | 1004.0 |
       Dungeon |   4053 |   3965 |     88 |    455 |   2858 |   4 | 1013.2 |
         Sewer |    966 |    966 |      0 |    299 |    304 |   1 |  966.0 |
               +--------+--------+--------+--------+--------+-----+--------+

Top non-repeatable levels by time:
     D:3: 1845 daAuts
     D:1: 1218 daAuts
     D:2: 979 daAuts
   Sewer: 966 daAuts
     D:4: 9 daAuts
